 Dungeon Crawl Stone Soup version 0.23.2-40-g277498a001 (webtiles) character file.

Game seed: 3812587316374149048

266 Aggronaut the Chopper (level 6, -4/51 HPs)
             Began as a Draconian Berserker on Sept 27, 2019.
             Was a Believer of Trog.
             Killed from afar by an orc wizard (9 damage)
             ... with a puff of flame
             ... on level 4 of the Dungeon.
             The game lasted 00:05:16 (2311 turns).

Aggronaut the Chopper (Draconian Berserker)         Turns: 2311, Time: 00:05:16

Health: -4/51      AC: 10    Str: 19 (22) XL:     6   Next: 0%
Magic:  6/6        EV: 12    Int:  6 (7)  God:    Trog [**....]
Gold:   124        SH:  0    Dex:  9 (10) Spells: 5/5 levels left

rFire    x . .     SeeInvis .   a - +0 hand axe
rCold    + . .     Gourm    .   (no shield)
rNeg     . . .     Faith    .   (armour unavailable)
rPois    .         Spirit   .   (helmet restricted)
rElec    .         Reflect  .   (no cloak)
rCorr    .         Harm     .   m - +0 pair of gloves
MR       ++...                  h - +2 pair of boots
Stlth    +.........             (no amulet)
HPRegen  1.17/turn              e - ring of ice
MPRegen  0.10/turn              (no ring)

@: berserk cooldown, regenerating, slowed, very slow
A: unfitting armour, cold-blooded, AC +6
a: Berserk, Trog's Hand, Renounce Religion


You were on level 4 of the Dungeon.
You worshipped Trog.
Trog was pleased with you.
You were near starving.

You visited 1 branch of the dungeon, and saw 4 of its levels.

You collected 124 gold pieces.

Inventory:

Hand Weapons
 a - a +0 hand axe (weapon)
Armour
 h - a +2 pair of boots (worn)
 m - a +0 pair of gloves (worn)
Jewellery
 e - a ring of ice (left hand)
Scrolls
 c - a scroll of enchant armour {unknown}
 d - a scroll of amnesia {unknown}
 f - 2 scrolls of identify {unknown}
 j - a scroll of remove curse {unknown}
 k - a scroll of immolation {unknown}
 l - a scroll of random uselessness {unknown}
Comestibles
 b - 3 rations


   Skills:
 - Level 3.3 Fighting
 + Level 6.7 Axes
 - Level 2.7 Dodging


You had 5 spell levels left.
You didn't know any spells.
Your spell library was empty.

Dungeon Overview and Level Annotations

Branches:
Dungeon (4/15)
 Temple: D:4-7

Altars:
Cheibriados
Elyvilon
Gozag
Trog
The Shining One


Innate Abilities, Weirdness & Mutations

Your plain brown scales are hard. (AC +6)
You cannot fit into any form of body armour.
You are cold-blooded and may be slowed by cold attacks.


Message History

Something hits you but does no damage. x2
You hit something.
Your tail-slap misses something.
You hear some strange, mumbled words.
A puff of frost appears from out of thin air!
The puff of frost hits you but does no damage.
You resist.
You hear some strange, mumbled words.
A puff of frost appears from out of thin air!
The puff of frost hits you. You resist.
* * * LOW HITPOINT WARNING * * *
You hit something but do no damage. Something hits you.
* * * LOW HITPOINT WARNING * * *
Something hits you.
* * * LOW HITPOINT WARNING * * *
You hit something but do no damage. Something hits you.
* * * LOW HITPOINT WARNING * * *
You hear some strange, mumbled words.
A puff of flame appears from out of thin air!
The puff of flame hits you! The fire burns you terribly!
You die...

###.##### .. #........
#< #.#.##### #..
###.#.##### #..
#.(........ #...
####.#.##.####
###...#####.).......##..
........)...##)#.##.##..
......{@....##.#.##.....
......)..<..##......##..
###...##########.#####..
#... #..# ### #.. #.## #
.[.. #.# # #.#.
#.######## #.#.
#....).... ##########


There were no monsters in sight!

Vanquished Creatures
  An ogre (D:4)
  An orc priest (D:4)
  An orc wizard (D:4)
  3 gnolls (D:3)
  2 adders
  3 worms
  A dart slug (D:2)
  6 orcs
  4 giant cockroaches
  8 goblins
  6 hobgoblins
  4 jackals (D:2)
  8 kobolds
  A ball python (D:1)
  A ball python skeleton (D:4)
  6 bats
  3 frilled lizards
  3 rats
62 creatures vanquished.

Notes
Turn   | Place    | Note
-------+----------+-------------------------------------------
     0 | D:1      | Aggronaut the Draconian Berserker began the quest for the
                  | Orb.
     0 | D:1      | Reached XP level 1. HP: 19/19 MP: 1/1
   203 | D:1      | Reached XP level 2. HP: 23/26 MP: 2/2
   459 | D:1      | Reached skill level 4 in Axes
   612 | D:2      | Reached XP level 3. HP: 28/31 MP: 3/3
   670 | D:2      | Reached ** piety under Trog
  1060 | D:2      | Found a bloodstained altar of Trog.
  1334 | D:3      | Reached XP level 4. HP: 19/38 MP: 4/4
  1607 | D:3      | Found a white marble altar of Elyvilon.
  1611 | D:3      | Found a snail-covered altar of Cheibriados.
  1612 | D:3      | Found an opulent altar of Gozag.
  1685 | D:3      | Reached skill level 5 in Axes
  1729 | D:3      | Found a glowing golden altar of the Shining One.
  2266 | D:4      | Noticed an ogre
  2280 | D:4      | Killed an ogre
  2280 | D:4      | Reached skill level 6 in Axes
  2280 | D:4      | Reached XP level 5. HP: 45/45 MP: 5/5
  2301 | D:4      | Reached XP level 6. HP: 26/51 MP: 6/6
  2311 | D:4      | Killed from afar by an orc wizard

Skill      XL: |  1  2  3  4 |
---------------+-------------+-----
Axes           | 4 6 |  6.7
Fighting       | |  3.3
Dodging        | |  2.7

Action                   |  1- 3 |  4- 6 || total
-------------------------+-------+-------++-------
Melee: Hand axe          |   103 |    68 ||   171
       Tailslap          |    22 |     6 ||    28
Invok: Berserk           |       |     1 ||     1
       Trog's Hand       |       |     1 ||     1
  Use: Potion            |       |     1 ||     1
  Eat: Chunk             |     1 |     3 ||     4
Armor: Skin              |    39 |    41 ||    80
Dodge: Dodged            |    87 |    50 ||   137
